 Dungeon Crawl Stone Soup version 0.30-a0-737-gf23d94013f (webtiles) character file.

Game seed: 17963829354084718301

453 retardedninja the Covered (level 7, -4/44 HPs)
             Began as a Gargoyle Fighter on Feb 1, 2023.
             Slain by a gnoll
             ... wielding a +0 flail
             ... led by a gnoll sergeant
              (8 damage)
             ... on level 3 of the Dungeon.
             The game lasted 00:06:22 (4067 turns).

retardedninja the Covered (Gargoyle Fighter)        Turns: 4067, Time: 00:06:23

Health: -4/44      AC: 13    Str: 21    XL:     7   Next: 5%
Magic:  0/7        EV:  9    Int:  9    God:
Gold:   103        SH:  4    Dex:  9    Spells: 6/6 levels left

rFire   . . .      SeeInvis .    a - +0 flail
rCold   . . .      Faith    .    c - +0 buckler
rNeg    + . .      Spirit   +    b - +1 scale mail
rPois   ∞          Reflect  .    (no helmet)
rElec   +          Harm     .    (no cloak)
rCorr   .          Rampage  .    (no gloves)
Will    .....                    (no boots) Stlth
                                 e - amulet of guardian spirit
HPRegen 0.27/turn                (no ring)
MPRegen 0.10/turn                (no ring)

@: no status effects
A: sickness immunity, AC +4, negative energy resistance 1, electricity
resistance, torment resistance 1, petrification resistance
a: no special abilities


You were on level 3 of the Dungeon.
You visited 1 branch of the dungeon, and saw 4 of its levels.

You collected 103 gold pieces.

Inventory:

Hand Weapons
 a - a +0 flail (weapon)
Armour
 b - a +1 scale mail (worn)
 c - a +0 buckler (worn)
Jewellery
 e - an amulet of guardian spirit (around neck)
 g - an amulet of faith
 k - a ring of flight
Scrolls
 d - a scroll of immolation
 h - a scroll of blinking
 i - a scroll of fog
 j - a scroll of vulnerability {unknown}
 m - 2 scrolls of magic mapping {unknown}
 o - a scroll of enchant weapon {unknown}
 q - a scroll of teleportation {unknown}
Potions
 f - a potion of attraction
 p - a potion of flight


   Skills:
 + Level 5.0 Fighting
 + Level 3.9 Maces & Flails
 + Level 5.1 Armour
 + Level 5.1 Shields


You had 6 spell levels left.
You didn't know any spells.
Your spell library contained the following spells:

 Spells                   Type           Power      Damage    Failure   Level
 Ensorcelled Hibernation  Hex/Ice        0%         N/A       90%         2
 Spider Form              Tmut/Pois      0%         N/A       99%         3
 Anguish                  Hex/Necr       0%         N/A       100%        4


Dungeon Overview and Level Annotations

Branches:
Dungeon (4/15)
 Temple: D:4-7

Altars:
Elyvilon
Kikubaaqudgha
Makhleb
Yredelemnul


Innate Abilities, Weirdness & Mutations

You are immune to sickness and miasma.
Your stone body is resilient. (AC +4)
You are immune to poison.
You resist negative energy. (rN+)
You are resistant to electric shocks. (rElec)
You are resistant to unholy torment.
You are immune to petrification.


Message History

The gnoll hits you but does no damage. x2
The gnoll sergeant closely misses you. The gnoll hits you but does no damage.
You barely miss the gnoll.
The gnoll is heavily wounded.
The gnoll hits you but does no damage.
The gnoll sergeant hits you but does no damage.
You block the gnoll's attack.
You barely miss the gnoll. The gnoll hits you with a +0 flail!
The gnoll sergeant hits you from afar with a +0 trident.
You closely miss the gnoll.
The gnoll sergeant hits you from afar with a +0 trident.
You block the gnoll's attack. The gnoll hits you with a +0 whip.
The gnoll sergeant hits you but does no damage.
The gnoll barely misses you. The gnoll hits you with a +0 whip.
* * * LOW HITPOINT WARNING * * *
Okay, then.
Okay, then.
The gnoll attacks as you move away! The gnoll hits you but does no damage.
The gnoll attacks as you move away! The gnoll closely misses you.
You see here a +0 spear.
The gnoll attacks as you move away! The gnoll hits you with a +0 flail.
* * * LOW HITPOINT WARNING * * *
The gnoll attacks as you move away! The gnoll barely misses you.
There is a stone staircase leading up here.
You climb upwards.
There is a stone staircase leading down here.
You closely miss the gnoll. The gnoll hits you with a +0 flail.
* * * LOW HITPOINT WARNING * * *
You closely miss the gnoll. You block the gnoll's attack.
You hit the gnoll.
The gnoll is moderately wounded.
The gnoll hits you with a +0 flail.
* * * LOW HITPOINT WARNING * * *
You hit the gnoll.
The gnoll is heavily wounded.
The gnoll hits you but does no damage. The gnoll barely misses you.
You hit the gnoll.
The gnoll is almost dead.
The gnoll hits you with a +0 flail!
You die...

.###.###.###.#..........#
.###.###.###.#.##(..###.#
.............#.###.## #[#
.###.###.#.<.#.# #.# #.#
..##.# #.#...#.# #.# #.#
_.##.###.#...#.###.## #.#
.........#...#.##...###.#
####........##.#g#.#.##.#
####.....#..##..@.......#
.........#..####.#.#.####
................#...##
####..####..###.##.##
...................#
#####..########.####
....>).# #.# #####.## #.#
#.# #.#


You could see a gnoll.

Vanquished Creatures
  Grinder (D:3)
  A kobold brigand (D:4)
  Jessica (D:3)
  5 gnolls
  2 adders (D:3)
  A worm (D:3)
  2 dart slugs (D:4)
  An orc (D:4)
  3 endoplasms
  2 giant cockroaches (D:2)
  7 goblins
  5 hobgoblins
  10 jackals
  6 quokkas
  7 ball pythons
  5 bats
  2 frilled lizards (D:1)
  18 kobolds
  5 rats
84 creatures vanquished.

Vanquished Creatures (others)
  4 kobolds (D:4)
  33 plants (D:4)
37 creatures vanquished.

Grand Total: 121 creatures vanquished

Notes
Turn   | Place    | Note
-------+----------+-------------------------------------------
     0 | D:1      | retardedninja the Gargoyle Fighter began the quest for the
                  | Orb.
     0 | D:1      | Reached XP level 1. HP: 14/14 MP: 1/1
    79 | D:1      | Reached XP level 2. HP: 19/19 MP: 2/2
   264 | D:1      | Found a faded altar of an unknown god.
   400 | D:1      | Reached XP level 3. HP: 23/23 MP: 3/3
   478 | D:2      | Found an ancient bone altar of Kikubaaqudgha.
  1250 | D:3      | Found a burning altar of Makhleb.
  1369 | D:3      | Reached XP level 4. HP: 24/29 MP: 4/4
  1437 | D:3      | Noticed Jessica
  1442 | D:3      | Killed Jessica
  1456 | D:3      | Found a white marble altar of Elyvilon.
  2175 | D:3      | Found a basalt altar of Yredelemnul.
  2250 | D:3      | Identified the +1 robe of Xom's Displeasure {+Blink Dex+3}
  2321 | D:4      | Noticed Grinder
  2325 | D:4      | Paralysed by Grinder for 5 turns
  2523 | D:4      | Paralysed by Grinder for 3 turns
  2530 | D:3      | Paralysed by Grinder for 2 turns
  2559 | D:3      | Killed Grinder
  2560 | D:3      | Reached XP level 5. HP: 5/34 MP: 5/5
  2560 | D:3      | Reached XP level 6. HP: 6/39 MP: 6/6
  3005 | D:4      | Reached skill level 5 in Armour
  3471 | D:2      | Reached skill level 5 in Shields
  3494 | D:3      | Reached skill level 5 in Fighting
  3534 | D:4      | Reached XP level 7. HP: 37/44 MP: 7/7
  4067 | D:3      | Slain by a gnoll

Illustrated notes

Levels and vault maps discovered:
D:1:      kennysheep_arrival_seaside, layout_rooms,
          ebering_ecumenical_altar_abandoned
D:2:      layout_basic, basic_altar, kennysheep_generic_room_2
D:3:      layout_loops_ring, kennysheep_ying_yang, bloody_makhleb, uniq_jessica
D:4:      kennysheep_kobold_camp, layout_loops_ring, uniq_grinder

Skill      XL: |  1  2  3  4  5  6 |
---------------+-------------------+-----
Fighting       | 4 5 |  5.0
Armour         | 4 5 |  5.1
Shields        | 4 5 |  5.1
Maces & Flails | 3 |  3.9

Action                     |  1- 3 |  4- 6 |  7- 9 || total
---------------------------+-------+-------+-------++-------
  Melee: Flail             |   134 |   151 |    51 ||   336
    Use: Potion            |     3 |     2 |       ||     5
         Scroll            |       |     5 |     4 ||     9
 Armour: Scale mail        |   119 |   156 |    42 ||   317
  Dodge: Dodged            |   109 |   136 |    42 ||   287
  Block: Buckler           |    44 |    52 |    21 ||   117

Table legend: (Time is in decaauts)
 A = Elapsed time spent in this place.
 B = Non-inter-level travel time spent in this place.
 C = Inter-level travel time spent in this place.
 D = Time resting spent in this place.
 E = Time spent auto-exploring this place.
 F = Levels seen in this place.
 G = Mean time per level.
                   A        B        C        D        E       F      G
               +--------+--------+--------+--------+--------+-----+--------+
         Total |   4172 |   4107 |     65 |   1388 |   1840 |   4 | 1043.0 |
       Dungeon |   4172 |   4107 |     65 |   1388 |   1840 |   4 | 1043.0 |
               +--------+--------+--------+--------+--------+-----+--------+

Top non-repeatable levels by time:
     D:3: 1821 daAuts
     D:2: 1094 daAuts
     D:4: 754 daAuts
     D:1: 501 daAuts
